cohdb
Replays
Latest Replays
All Replays
Popular Replays
Top Player Replays
Match Explorer
How It Works
Community
CoH3 Stats
Reddit
Sign in to upload your games and track your stats! →
Sign in with Steam
Match 40359212
Unlisted
Match 40359212
Overview
Messages
Build Orders
End
250 Light Carrier
Panzergrenadier Squad
Panzerpioneer Squad
Selects Panzerjäger Kommand Battlegroup
Construct Light Support Kompanie
Combat Half-tracks
2.5-tonne Medical Truck
Selects Tank Busters
Selects Blockade Equipment
Fire Support Elements
Panzerjäger Mechanized Group
Flakvierling Half-track
Vehicle Survival Package
Tungsten Core Ammunition
Panzerjäger Squad
Selects Early Warning
Panzerjäger Squad
Construct Mechanized Kompanie
Selects Butterfly Bomb Drop
Butterfly Bomb Drop
18-tonne Recovery Half-track
Construct Panzerarmee Kommand
Emergency Repair Kits
Butterfly Bomb Drop
Selects Crew Shock Tactics
Rapid Advance
Butterfly Bomb Drop
Panzer III L Medium Tank
Panzerjäger Mechanized Group
Panzer III L Medium Tank
Crew Shock Tactics
Panzer III L Medium Tank
MG34 Team
Crew Shock Tactics
Panzerjäger Squad
Panzerjäger Squad
Early Warning
Panzerjäger Squad
MG34 Team
Veteran Squad Leaders
Crew Shock Tactics
Flak 36 Anti-tank Gun Team
88-939-16-Delta
Oz
blyat:-(
XIAO_OvO
MZMZ
densmit090
tototooto
jerjawe
0
0
Comments
sign in to comment!
No comments posted yet!